 Dungeon Crawl Stone Soup version 0.24.1-1-gd1d2a07e1b (webtiles) character file.

Game seed: 13526100171241606250, levelgen mode: deterministic

23018 Brecoman the Thaumaturge (level 12, -12/97 HPs)
             Began as a Mummy Necromancer on Apr 10, 2020.
             Was an Elder of Kikubaaqudgha.
             Mangled by Rupert
             ... wielding a +2 great sword of electrocution
              (25 damage)
             ... on level 5 of the Lair of Beasts.
             The game lasted 01:38:59 (22071 turns).

Brecoman the Thaumaturge (Mummy Necromancer)       Turns: 22071, Time: 01:39:00

Health: -12/97     AC: 12    Str: 20    XL:     12   Next: 68%
Magic:  11/27      EV: 10    Int: 16    God:    Kikubaaqudgha [****..]
Gold:   1150       SH: 10    Dex: 13    Spells: 13/34 levels left

rFire    x . .     SeeInvis +   G - +9 whip of Rureon {slash, Fragile rElec Str+2 SInv}
rCold    + . .     Gourm    .   h - +0 buckler
rNeg     + + +     Faith    .   g - +0 scale mail
rPois    ∞         Spirit   .   o - +0 helmet
rElec    +         Reflect  +   v - +0 cloak
rCorr    .         Harm     .   M - +0 pair of gloves
MR       ++...                  T - +2 pair of boots of the Assassin {Detection Stab+ Stlth++}
Stlth    +++.......             n - +5 amulet of reflection
HPRegen  0.26/turn              R - +4 ring of strength
MPRegen  0.20/turn              y - ring of protection from magic

@: no status effects
A: no food or potions, fire vulnerability, cold resistance 1, negative energy
resistance 3, torment resistance, unbreathing
a: Receive Corpses, Renounce Religion


You were on level 5 of the Lair of Beasts.
You worshipped Kikubaaqudgha.
Kikubaaqudgha was greatly pleased with you.
You were not hungry.

You visited 3 branches of the dungeon, and saw 18 of its levels.
You also visited: Ossuary.

You collected 1150 gold pieces.

Inventory:

Hand Weapons
 c - a +1 dagger of venom
 r - a +3 falchion of protection
 D - a +7 dagger
 G - the +9 whip of Rureon (weapon) {slash, Fragile rElec Str+2 SInv}
   (You found it on level 7 of the Dungeon)

   It inflicts extra damage upon your enemies.
   It affects your strength (+2).
   It insulates you from electricity.
   It lets you see invisible.
   It will be destroyed if unequipped.
 I - the +9 staff of Olgreb {rPois}
   (You found it on level 8 of the Dungeon)

   It protects you from poison.
Missiles
 d - 636 stones
 p - 55 poisoned darts (quivered)
 A - 4 throwing nets
Armour
 g - a +0 scale mail (worn)
 h - a +0 buckler (worn)
 o - a +0 helmet (worn)
 v - a +0 cloak (worn)
 M - a +0 pair of gloves (worn)
 T - the +2 pair of boots of the Assassin (worn) {Detection Stab+ Stlth++}
   (You acquired it on level 5 of the Lair of Beasts)

   It makes you much more stealthy.
Magical Staves
 z - an uncursed staff of cold {unknown}
 P - an uncursed staff of energy
 S - an uncursed staff of poison {unknown}
Jewellery
 j - a +5 ring of dexterity
 m - an uncursed ring of see invisible
 n - a +5 amulet of reflection (around neck)
 s - an uncursed ring of stealth
 t - a +2 ring of evasion
 y - a ring of protection from magic (right hand)
 E - an uncursed ring of fire
 R - a +4 ring of strength (left hand)
Wands
 q - a wand of polymorph (5)
 w - a wand of random effects (37)
 B - a wand of iceblast (13)
 H - a wand of paralysis (18)
 L - a wand of flame (9)
Scrolls
 a - 9 scrolls of remove curse
 b - 5 scrolls of identify
 e - 4 scrolls of fear
 f - 3 scrolls of amnesia
 i - 2 scrolls of noise
 k - a scroll of torment {unknown}
 l - 3 scrolls of teleportation
 x - a scroll of random uselessness
 C - 3 scrolls of enchant weapon
 F - 4 scrolls of fog
 J - 2 scrolls of enchant armour
 N - a scroll of brand weapon
 O - 2 scrolls of immolation
Miscellaneous
 K - a crystal ball of energy


   Skills:
 + Level 9.9 Fighting
 + Level 6.6 Maces & Flails
 - Level 2.0 Dodging
 + Level 2.0 Stealth
 - Level 4.0 Shields
 + Level 11.9 Spellcasting
 + Level 10.7 Necromancy
 - Level 7.4 Evocations


You had 13 spell levels left.
You knew the following spells:

 Your Spells              Type           Power        Failure   Level  Hunger
a - Pain                  Necr           ####         1%          1    N/A
b - Animate Skeleton      Necr           N/A          1%          1    N/A
c - Vampiric Draining     Necr           #####.....   1%          3    N/A
d - Corpse Rot            Necr           N/A          1%          2    N/A
e - Animate Dead          Necr           N/A          2%          4    N/A
f - Agony                 Necr           #####...     8%          5    N/A
g - Dispel Undead         Necr           #####...     8%          5    N/A

Your spell library contained the following spells:

 Spells                   Type           Power        Failure   Level  Hunger
 Confusing Touch          Hex            #.....       22%         1    N/A
 Magic Dart               Conj           #...         22%         1    N/A
 Summon Butterflies       Summ           #.......     22%         1    N/A
 Searing Ray              Conj           #.....       34%         2    N/A
 Call Canine Familiar     Summ           #.......     56%         3    N/A
 Confuse                  Hex            #.......     56%         3    N/A
 Dazzling Spray           Conj/Hex       #.....       56%         3    N/A
 Gell's Gravitas          Tloc           #.........   56%         3    N/A
 Excruciating Wounds      Chrm/Necr      ####......   56%         5    N/A
 Force Lance              Conj/Tloc      #.......     92%         4    N/A
 Fulminant Prism          Conj/Hex       #.........   92%         4    N/A
 Iskenderun's Mystic Bla  Conj           #.......     92%         4    N/A
 Petrify                  Tmut/Erth      #.......     92%         4    N/A
 Summon Ice Beast         Ice/Summ       #.......     92%         4    N/A
 Simulacrum               Ice/Necr       ####......   98%         6    N/A
 Bolt of Magma            Conj/Fire/Erth #.........   99%         5    N/A
 Iskenderun's Battlesphe  Conj/Chrm      #.......     99%         5    N/A
 Metabolic Englaciation   Hex/Ice        #.........   99%         5    N/A
 Summon Mana Viper        Hex/Summ       #.......     99%         5    N/A
 Venom Bolt               Conj/Pois      #.........   99%         5    N/A
 Yara's Violent Unravell  Hex/Tmut       #.........   99%         5    N/A
 Iron Shot                Conj/Erth      #.........   100%        6    N/A
 Orb of Destruction       Conj           #.........   100%        7    N/A
 Spellforged Servitor     Conj/Summ      #.........   100%        7    N/A
 Summon Hydra             Summ           #.........   100%        7    N/A
 Regeneration             Chrm/Necr      Unusable     N/A         3    N/A

Dungeon Overview and Level Annotations

Branches:
Dungeon (11/15)            Temple (1/1) D:5            Lair (6/6) D:9
  Swamp (0/4) Lair:4       Spider (0/4) Lair:3          Orc (0/2) D:11
Ossuary (visited)
  Slime: Lair:5-6

Altars:
Ashenzari
Cheibriados
Dithmenos
Elyvilon
Fedhas
Gozag
Hepliaklqana
Kikubaaqudgha
Makhleb
Nemelex Xobeh
Okawaru
Qazlal
Ru
Sif Muna
Trog
Uskayaw
Vehumet
Wu Jian
Xom
Yredelemnul
Zin
The Shining One

Shops:
D:11 %

Annotations:
D:2 1 runed translucent door, Crazy Yiuf
Lair:3 exclusion: ice statue
Lair:5 Rupert


Innate Abilities, Weirdness & Mutations

You do not eat or drink.
Your flesh is vulnerable to fire.
You are immune to poison.
Your flesh is cold resistant. (rC+)
You are immune to negative energy. (rN+++)
You are immune to unholy pain and torment.
You can survive without breathing.


Message History

You feel life coursing into your body. The yak gores you.
Rupert hits you with a +2 great sword of electrocution!!!
* * * LOW HITPOINT WARNING * * *
The yak gores you but does no damage.
As you read the scroll of fear, it crumbles to dust.
You assume a fearsome visage.
The yak looks frightened! x2
Rupert hits you with a +2 great sword of electrocution!!
* * * LOW HITPOINT WARNING * * *
You block Rupert's attack.
You can't drink.
Casting: Vampiric Draining (safe; 1% risk of failure)
Confirm with . or Enter, or press ? or * to list all spells.
Aiming: Vampiric Draining (safe; 1% risk of failure)
Press: ? - help, Shift-Dir - straight line, f/p - Rupert
Aim: Rupert, wielding a +2 great sword of electrocution and wearing a +2 scale mail of cold resistance (heavily wounded, berserk, fast, unusually strong, covered in acid) Rupert is severely wounded.
You feel life coursing into your body.
Rupert hits you with a +2 great sword of electrocution!!
You die...
Kikubaaqudgha rasps: "You have failed me!
Welcome... oblivion!"

............#..........>....##..#
..........##.#...P.........#....#
..##..#P..P#.#..##..........#....
...###...........#...............
..## #P.......Y..........##......
..# ##..........................
..# #.######Y.............P##P#^
... ## ##............P..###.
##.@@..........#####
#....#.............
##...##...P.P.......
#P...P##.##.#.....P.
#.........###...#P.. #.........
#....... ##....P..####...PPP#
##.....#..P#....PPPP
#....##...........P.


You could see Rupert (berserk) and 2 yaks.

Vanquished Creatures
  3 hydras (Lair:4)
  A two-headed ogre (D:10)
  An unseen horror (D:11)
  An ugly thing (D:11)
  A cyclops (D:11)
  2 black mambas
  6 spiny frogs
  A komodo dragon (Lair:5)
  2 trolls (D:11)
  3 polar bears
  A hornet (Lair:3)
  Grinder (D:2)
  2 blink frogs (Lair:5)
  2 hippogriffs
  12 yaks
  A wraith (D:11)
  A hungry ghost (D:10)
  2 steam dragons
  5 water moccasins
  2 porcupines
  Purgy (D:2)
  3 orc warriors (D:11)
  5 sky beasts
  A black bear (D:9)
  4 ice beasts
  A hornet zombie (D:8)
  7 ogres
  3 phantoms
  9 wolves
  3 centaurs
  7 crocodiles
  8 bullfrogs
  2 water moccasin zombies (Ossuary)
  7 scorpions
  17 killer bees
  4 wights
  4 howler monkeys
  6 electric eels
  A crimson imp (D:11)
  3 jellies
  3 centaur zombies
  7 hounds
  2 bullfrog skeletons
  4 orc priests
  7 orc wizards
  16 worker ants
  3 iguanas
  A big kobold zombie (Ossuary)
  2 mummies (Ossuary)
  A hound skeleton (D:9)
  4 worker ant zombies
  Robin (D:2)
  2 howler monkey skeletons
  A howler monkey zombie (D:10)
  11 adders
  2 oozes
  An adder skeleton (D:5)
  6 adder zombies (Ossuary)
  4 dart slugs
  5 leopard geckos
  31 orcs
  3 ball pythons
  9 bats
  3 giant cockroaches
  20 goblins
  10 hobgoblins
  10 jackals
  3 quokkas
  3 frilled lizards
  A gnoll zombie (Ossuary)
  9 hobgoblin zombies (Ossuary)
  3 kobolds
  5 kobold zombies (Ossuary)
  A leopard gecko zombie (D:7)
  5 orc zombies (Ossuary)
  A quokka skeleton (D:7)
  7 rats
  2 plants
355 creatures vanquished.

Vanquished Creatures (collateral kills)
  An ice dragon (Lair:3)
  3 hydras
  A black mamba (Lair:5)
  A spiny frog (Lair:5)
  A rime drake (Lair:4)
  A polar bear (Lair:3)
  A blink frog (Lair:5)
  A hippogriff (Lair:3)
  A yak (Lair:5)
  2 porcupines (D:8)
  A black bear (D:8)
  5 ice beasts (Lair:3)
  A bullfrog (Lair:3)
  A scorpion (Lair:3)
  An electric eel (D:10)
  2 crimson imps (D:8)
  An orc wizard (D:8)
  A bullfrog skeleton (D:7)
  A howler monkey skeleton (D:8)
  3 adders
  3 white imps (Lair:3)
  An adder zombie (D:8)
  A worm (Lair:3)
  A dart slug (D:1)
  2 orcs
  A bat (D:3)
  A giant cockroach (Lair:3)
  A jackal (D:9)
  A frilled lizard (D:1)
  2 fungi
  3 plants
47 creatures vanquished.

Vanquished Creatures (others)
  10 fungi
  2 plants
12 creatures vanquished.

Grand Total: 414 creatures vanquished

Notes
Turn   | Place    | Note
-------+----------+-------------------------------------------
     0 | D:1      | Brecoman the Mummy Necromancer began the quest for the Orb.
     0 | D:1      | Reached XP level 1. HP: 13/13 MP: 4/4
    53 | D:1      | Learned a level 1 spell: Animate Skeleton
   286 | D:1      | Reached skill level 3 in Spellcasting
   286 | D:1      | Reached XP level 2. HP: 16/20 MP: 1/6
   594 | D:1      | Reached skill level 1 in Fighting
   755 | D:1      | Reached XP level 3. HP: 21/26 MP: 4/7
  1495 | D:2      | Noticed Robin
  1579 | D:2      | Reached XP level 4. HP: 12/32 MP: 4/9
  1591 | D:2      | Learned a level 3 spell: Vampiric Draining
  1812 | D:2      | Killed Robin
  2095 | D:2      | Found a runed translucent door.
  2096 | D:2      | Noticed Crazy Yiuf
  2471 | D:2      | Reached skill level 1 in Shields
  2557 | D:3      | Reached skill level 4 in Spellcasting
  2557 | D:3      | Reached XP level 5. HP: 20/38 MP: 0/11
  2890 | D:3      | Noticed Purgy
  2974 | D:3      | Noticed Grinder
  3382 | D:3      | Paralysed by Grinder for 2 turns
  3385 | D:2      | Paralysed by Grinder for 4 turns
  3401 | D:2      | Paralysed by Grinder for 3 turns
  3539 | D:2      | Paralysed by Grinder for 4 turns
  4066 | D:4      | Found a sand-covered staircase.
  4129 | Ossuary  | Entered an ossuary
  4352 | Ossuary  | Reached skill level 5 in Necromancy
  4352 | Ossuary  | Reached XP level 6. HP: 32/46 MP: 12/12
  5143 | D:4      | Noticed Ijyb
  5159 | D:4      | Noticed Ijyb
  5159 | D:4      | Ijyb changed into Ijyb the jelly
  5174 | D:4      | Killed Ijyb the jelly
  5174 | D:4      | Reached skill level 5 in Spellcasting
  5506 | D:5      | Entered Level 5 of the Dungeon
  5529 | D:5      | You fall into a shaft and drop 2 floors!
  5570 | D:6      | Reached XP level 7. HP: 37/52 MP: 6/14
  5691 | D:5      | Found a staircase to the Ecumenical Temple.
  5700 | Temple   | Entered the Ecumenical Temple
  5861 | Temple   | Became a worshipper of Kikubaaqudgha
  6419 | Temple   | Reached skill level 6 in Spellcasting
  6533 | D:5      | Reached * piety under Kikubaaqudgha
  6533 | D:5      | Identified Kikubaaqudgha's Collected Works on Stolen Souls
                  | (Kikubaaqudgha gifted it to you on level 5 of the Dungeon)
  6533 | D:5      | Received a gift from Kikubaaqudgha
  6610 | D:5      | Found a hazy altar of Hepliaklqana.
  6610 | D:5      | Found a glowing golden altar of the Shining One.
  6694 | D:5      | Reached XP level 8. HP: 54/60 MP: 12/17
  6829 | D:5      | Reached skill level 1 in Evocations
  7142 | D:2      | Killed Purgy
  7423 | D:2      | Killed Grinder
  8057 | D:5      | Learned a level 2 spell: Corpse Rot
  8104 | D:5      | Reached skill level 5 in Fighting
  8423 | D:6      | Reached skill level 7 in Spellcasting
  8570 | D:6      | Learned a level 4 spell: Animate Dead
  8713 | D:6      | Found an iron altar of Okawaru.
  9272 | D:7      | Found a bloodstained altar of Trog.
  9283 | D:6      | Reached XP level 9. HP: 68/68 MP: 19/19
  9553 | D:7      | Found a burning altar of Makhleb.
  9559 | D:7      | Got a fine whip
  9560 | D:7      | Identified the +9 whip of Rureon {slash, Fragile rElec
                  | Str+2 SInv} (You found it on level 7 of the Dungeon)
  9661 | D:7      | Found a white marble altar of Elyvilon.
  9662 | D:7      | Found a hide-covered altar of Uskayaw.
 10100 | D:8      | Reached skill level 1 in Maces & Flails
 10101 | D:8      | Reached ** piety under Kikubaaqudgha
 10283 | D:8      | Found a runed translucent gate.
 10285 | D:8      | Found a runed translucent gate.
 10287 | D:8      | Found a runed translucent gate.
 10290 | D:8      | Found a runed translucent door.
 10290 | D:8      | Found a runed translucent door.
 10311 | D:8      | Reached skill level 8 in Spellcasting
 10606 | D:8      | Found the +9 staff of Olgreb {rPois}
 10680 | D:8      | Reached *** piety under Kikubaaqudgha
 10680 | D:8      | Identified Kikubaaqudgha's Volume of Stolen Souls
                  | (Kikubaaqudgha gifted it to you on level 8 of the Dungeon)
 10680 | D:8      | Received a gift from Kikubaaqudgha
 10970 | D:8      | Reached XP level 10. HP: 77/77 MP: 22/22
 11078 | D:9      | Found a staircase to the Lair.
 11546 | D:8      | Reached skill level 9 in Spellcasting
 12553 | D:10     | Entered Level 10 of the Dungeon
 12795 | D:10     | Found a shimmering altar of Xom.
 12800 | D:10     | Found a shadowy altar of Dithmenos.
 12833 | D:10     | Reached skill level 5 in Evocations
 13540 | D:10     | Noticed a two-headed ogre
 13579 | D:10     | Killed a two-headed ogre
 14366 | D:11     | Reached XP level 11. HP: 86/86 MP: 24/24
 14383 | D:11     | Reached **** piety under Kikubaaqudgha
 14631 | D:11     | Reached skill level 10 in Spellcasting
 15116 | D:11     | Found Izog's Food Shoppe.
 15223 | D:11     | Noticed an unseen horror
 15246 | D:11     | Killed an unseen horror
 15336 | D:11     | Found a staircase to the Orcish Mines.
 15672 | D:11     | Noticed a green ugly thing
 15690 | D:11     | Killed a green ugly thing
 15946 | D:11     | Reached skill level 5 in Maces & Flails
 16108 | Lair:1   | Entered Level 1 of the Lair of Beasts
 16474 | Lair:1   | Noticed an oklob plant
 16611 | Lair:1   | Noticed a shambling mangrove
 16611 | Lair:1   | an oklob plant changed into a shambling mangrove
 18142 | Lair:3   | Learned a level 5 spell: Agony
 18148 | Lair:3   | Learned a level 5 spell: Dispel Undead
 18166 | Lair:3   | Reached skill level 11 in Spellcasting
 18257 | Lair:3   | Found a hole to the Spider Nest.
 18505 | Lair:3   | Noticed an ice dragon
 18518 | Lair:3   | Killed an ice dragon
 18518 | Lair:3   | Reached skill level 10 in Necromancy
 18518 | Lair:3   | Reached XP level 12. HP: 60/95 MP: 2/27
 18688 | Lair:3   | Noticed a four-headed hydra
 18694 | Lair:3   | Killed a four-headed hydra
 19569 | Lair:4   | You fall into a shaft and drop 1 floor!
 19569 | Lair:5   | Noticed a five-headed hydra
 19576 | Lair:5   | Killed a five-headed hydra
 19713 | Lair:5   | Noticed Rupert
 19988 | Lair:5   | Noticed a seven-headed hydra
 19995 | Lair:5   | Killed a seven-headed hydra
 20070 | Lair:5   | You fall into a shaft and drop 1 floor!
 20070 | Lair:6   | Entered Level 6 of the Lair of Beasts
 20080 | Lair:6   | Noticed a four-headed hydra
 20509 | Lair:4   | Found a staircase to the Swamp.
 20753 | Lair:4   | Noticed a five-headed hydra
 20762 | Lair:4   | Killed a five-headed hydra
 21056 | Lair:4   | Noticed a seven-headed hydra
 21070 | Lair:4   | Killed a seven-headed hydra
 21438 | Lair:5   | Identified a scroll of acquirement
 21441 | Lair:5   | Found the +2 pair of boots of the Assassin {Detection Stab+
                  | Stlth++}
 21458 | Lair:5   | Noticed a four-headed hydra
 21479 | Lair:4   | Killed a four-headed hydra
 22071 | Lair:5   | Mangled by Rupert

Levels and vault maps discovered:
D:1:      dpeg_arrival_three_smaller_balls, layout_loops_cross
D:2:      layout_basic, uniq_robin, uniq_crazy_yiuf_cottage
D:3:      layout_basic, uniq_grinder, uniq_purgy
D:4:      kennysheep_goblin_castle, layout_cave_pods, first_ration,
          nicolae_ossuary_entry_false_entrances
D:5:      layout_rooms, gammafunk_temple_overflow_wave,
          minmay_temple_entry_ruins, serial_bayou_pond_c
D:6:      layout_gridville, okawaru_ov_weapons_minmay
D:7:      layout_cave_pools, bloody_trog, gammafunk_temple_overflow_statue,
          bloody_makhleb, grunt_ogre_cave
D:8:      layout_gridville, grunt_ministairs_1, minivault_26, st_stairs_6,
          nrook_mini_backslash, minmay_misc_feat_enclosed,
          minmay_guarded_unrand_staff_of_olgreb
D:9:      layout_loops_ring, minmay_lair_entry_grove
D:10:     layout_basic, basic_altar, minivault_4, xom_teletrap_fun
D:11:     layout_basic, david_orc_2, serial_shops, shop
Temple:   regret_index_temple_generic_petals
Lair:1:   layout_roguey, minmay_lair_oklob_chamber, lemuel_fruit_tree
Lair:2:   layout_small_grid
Lair:3:   layout_chaotic_city, nicolae_spider_entry_non_spiders, st_stairs_6,
          nicolae_quartered_pool_little, ice2_lemuel
Lair:4:   layout_gridlike, swamp_mist_pool, chequers_serial_rivers_micro_c,
          grunt_megastairs_5, infiniplex_staircase_pool
Lair:5:   layout_layer_cave, uniq_rupert
Lair:6:   cheibrodos_lair_end_hotspot, layout_cave_shapes, slime_altar_2,
          st_stairs_3

Skill      XL: |  1  2  3  4  5  6  7  8  9 10 11 12 |
---------------+-------------------------------------+-----
Spellcasting   | 3 4 5 6 7 8 9 11 | 11.9
Fighting       | 1 2 3 4 5 6 7 9 |  9.9
Dodging        | 2 |  2.0
Shields        | 1 2 3 4 |  4.0
Necromancy     | 5 6 7 8 10 | 10.7
Evocations     | 2 4 5 6 7 |  7.4
Maces & Flails | 2 4 5 6 |  6.6
Stealth        | 2 |  2.0

Action                   |  1- 3 |  4- 6 |  7- 9 | 10-12 || total
-------------------------+-------+-------+-------+-------++-------
Melee: Whip              |    49 |    10 |   179 |   533 ||   771
       Falchion          |       |   177 |   191 |       ||   368
       Dagger            |       |       |    74 |       ||    74
Throw: Stone             |       |     2 |       |       ||     2
 Cast: Pain              |    63 |    78 |    77 |   110 ||   328
       Animate Skeleton  |    11 |    26 |    22 |       ||    59
       Vampiric Draining |       |     1 |    19 |   119 ||   139
       Animate Dead      |       |       |     6 |    54 ||    60
       Agony             |       |       |       |     1 ||     1
Invok: Receive Corpses   |       |       |       |     8 ||     8
Evoke: Wand              |       |     1 |       |    16 ||    17
  Use: Scroll            |       |     8 |     4 |    10 ||    22
 Stab: Sleeping          |       |     1 |       |     1 ||     2
Armor: Robe              |     1 |       |       |       ||     1
       Ring mail         |    19 |    80 |   159 |   120 ||   378
       Leather armour    |     2 |       |       |       ||     2
       Scale mail        |       |       |       |     2 ||     2
Dodge: Dodged            |    43 |   157 |   260 |   354 ||   814
Block: Buckler           |       |    37 |   295 |   311 ||   643
       Reflection        |       |     1 |    10 |     3 ||    14
       Rpst.: Falchion   |       |    41 |    27 |       ||    68
